 Dungeon Crawl Stone Soup version 0.29-a0-352-g0917bc69df (webtiles) character file.

Game seed: 13586150040023055380

58 Shayle the Sneak (level 4, -1/40 HPs)
             Began as a Tengu Brigand on Apr 24, 2022.
             Slain by an orc
             ... wielding a +0 dagger
              (3 damage)
             ... on level 3 of the Dungeon.
             The game lasted 00:03:35 (2363 turns).

Shayle the Sneak (Tengu Brigand)                    Turns: 2363, Time: 00:03:35

Health: -1/40      AC: 22    Str: 11    XL:     4   Next: 2%
Magic:  6/6        EV:  2    Int: 14    God:
Gold:   97         SH:  0    Dex: 15    Spells: 4/4 levels left

rFire   . . .      SeeInvis .   a - +2 dagger
rCold   . . .      Faith    .   (no shield)
rNeg    . . .      Spirit   .   (body armour currently unavailable)
rPois   +          Reflect  .   (helmet currently unavailable)
rElec   .          Harm     .   (cloak currently unavailable)
rCorr   .          Rampage  .   (gloves currently unavailable)
Will    .....      NoTele   +   (boots unavailable)
Stlth   +++.......              (no amulet)
HPRegen 0.13/turn               (no ring)
MPRegen 0.10/turn               (no ring)

@: brilliant, tree-form
A: stationary, stasis, torment immunity, boosted hp, (beak), (talons 3), (fire
resistance 1), wild magic 1, (sturdy frame 1)
a: no special abilities


You were on level 3 of the Dungeon.
You were a tree.
You visited 1 branch of the dungeon, and saw 3 of its levels.

You collected 97 gold pieces.

Inventory:

Hand Weapons
 a - a +2 dagger (weapon)
Missiles
 d - 9 poisoned darts (quivered)
 e - 3 curare-tipped darts
 i - 3 javelins
Armour
 b - a +0 robe
 c - a +0 cloak (melded)
 f - a +0 ring mail (melded)
Scrolls
 g - 3 scrolls of enchant weapon {unknown}
 h - a scroll of identify {unknown}
 m - a scroll of teleportation {unknown}
 n - a scroll of immolation {unknown}
 q - a scroll of enchant armour {unknown}
 r - a scroll of brand weapon {unknown}
Potions
 j - a potion of invisibility {unknown}
 k - a potion of brilliance
 o - a potion of curing
 p - a potion of mutation


   Skills:
 + Level 2.9 Fighting
 - Level 2.1 Short Blades
 - Level 2.0 Throwing
 + Level 2.4 Dodging
 - Level 4.3 Stealth
 + Level 0.8 Spellcasting


You had 4 spell levels left.
You didn't know any spells.
Your spell library contained the following spells:

 Spells                   Type           Power      Damage    Failure   Level
 Animate Armour           Summ/Erth      2%         N/A       97%         4
 Blade Hands              Tmut           0%         N/A       100%        5
 Iron Shot                Conj/Erth      0%         9d1       100%        6


Dungeon Overview and Level Annotations

Branches:
Dungeon (3/15)

Altars:
Gozag
The Shining One


Innate Abilities, Weirdness & Mutations

You are a tree.
Your roots penetrate the ground, keeping you stationary.
You cannot be teleported.
You are immune to unholy pain and torment.
Your maximum health is greatly increased.
Your equipment is partially melded.
((You have a beak for a mouth.))
((You have claws for feet.))
((Your flesh is heat resistant. (rF+)))
Your spells are a little harder to cast, but a little more powerful.
((Your movements are slightly less encumbered by armour. (ER -2)))


Message History

* * * LOW HITPOINT WARNING * * *
You closely miss the orc. You claw the orc, but do no damage.
The orc hits you with a +0 dagger.
* * * LOW HITPOINT WARNING * * *
Unknown command.
You hit the orc. You claw the orc.
You kill the orc!
The bat barely misses you.
You have reached level 4!
You feel clever.
You barely miss the orc. The bat hits you but does no damage.
The orc hits you but does no damage. The bat barely misses you.
Unknown command.
You hit the orc but do no damage. Your peck misses the orc.
The bat closely misses you. The orc closely misses you.
Unknown command.
You hit the orc but do no damage. You claw the orc. You peck the orc.
The orc is moderately wounded.
The orc hits you but does no damage. x2
You barely miss the orc. Your peck misses the orc.
The orc is moderately wounded.
The orc hits you but does no damage. x2
You hit the orc.
The orc is moderately wounded.
The orc hits you with a +0 dagger.
* * * LOW HITPOINT WARNING * * *
The orc hits you with a +0 hand axe.
* * * LOW HITPOINT WARNING * * *
Unknown command.
You closely miss the orc. You peck the orc, but do no damage.
The orc is moderately wounded.
Unknown command.
You hit the orc but do no damage.
The orc is moderately wounded.
The orc barely misses you.
Okay, then.
It was a potion of lignification.
You turn into a tree.
Your +0 cloak melds into your body.
Your +0 ring mail melds into your body.
Your roots penetrate the ground.
The orc hits you with a +0 dagger.
You die...

#... # #..#
#.#####..# #
#........####.#
#.........#....
..###......#
#....b#...#.#
#..##o#..##.#.#
# #♣oo......#
#..####..######
#........#
#........#
########.# #.#
#.# #.#
########.####...


You could see 3 orcs and a bat.

Vanquished Creatures
  A worm (D:2)
  2 dart slugs (D:2)
  2 orcs (D:3)
  4 ball pythons
  4 endoplasms
  2 giant cockroaches (D:1)
  3 goblins
  3 hobgoblins
  7 jackals
  2 quokkas
  3 bats
  A frilled lizard (D:1)
  6 kobolds
  4 rats (D:2)
44 creatures vanquished.

Notes
Turn   | Place    | Note
-------+----------+-------------------------------------------
     0 | D:1      | Shayle the Tengu Brigand began the quest for the Orb.
     0 | D:1      | Reached XP level 1. HP: 12/12 MP: 2/2
   134 | D:1      | Reached XP level 2. HP: 13/17 MP: 3/3
   777 | D:1      | Reached XP level 3. HP: 22/22 MP: 4/4
  1137 | D:2      | Found a glowing golden altar of the Shining One.
  2300 | D:3      | Found an opulent altar of Gozag.
  2353 | D:3      | Gained mutation: Your movements are slightly less
                  | encumbered by armour. (ER -2) [potion of mutation]
  2353 | D:3      | Gained mutation: Your spells are a little harder to cast,
                  | but a little more powerful. [potion of mutation]
  2353 | D:3      | Gained mutation: Your flesh is heat resistant. (rF+)
                  | [potion of mutation]
  2356 | D:3      | Reached XP level 4. HP: 6/27 MP: 6/6
  2360 | D:3      | HP: 1/27 [orc/+0 hand axe (3)]
  2363 | D:3      | Slain by an orc

Illustrated notes

Levels and vault maps discovered:
D:1:      elethiomel_arrival_shortcut, layout_basic
D:2:      layout_rooms, basic_altar, grunt_ministairs_4, kennysheep_doodads,
          minmay_misc_feat_encased, minmay_misc_feat_plants, minmay_cut_off
D:3:      layout_loops_corners, lemuel_crystal_altar,
          nicolae_overflow_crystal_walls,
          shapermc_ecumenical_altar_mp_ritualfount, serial_bayou_pond_a,
          st_stairs_9

Skill      XL: |  1  2 |
---------------+-------+-----
Dodging        | 2 |  2.4
Fighting       | |  2.9
Short Blades   | |  2.1
Throwing       | |  2.0
Stealth        | |  4.3
Spellcasting   | |  0.8

Action                   |  1- 3 |  4- 6 || total
-------------------------+-------+-------++-------
Melee: Dagger            |   117 |     7 ||   124
       Kick              |    29 |     1 ||    30
       Peck              |    18 |     2 ||    20
       Punch             |     2 |       ||     2
  Use: Potion            |     3 |     1 ||     4
 Stab: Sleeping          |     4 |       ||     4
Armor: Ring mail         |    46 |     6 ||    52
Dodge: Dodged            |    62 |     4 ||    66

Table legend: (Time is in decaauts)
 A = Elapsed time spent in this place.
 B = Non-inter-level travel time spent in this place.
 C = Inter-level travel time spent in this place.
 D = Time resting spent in this place.
 E = Time spent auto-exploring this place.
 F = Levels seen in this place.
 G = Mean time per level.
                   A        B        C        D        E       F      G
               +--------+--------+--------+--------+--------+-----+--------+
         Total |   2349 |   2262 |     87 |    294 |   1549 |   3 |  783.0 |
       Dungeon |   2349 |   2262 |     87 |    294 |   1549 |   3 |  783.0 |
               +--------+--------+--------+--------+--------+-----+--------+

Top non-repeatable levels by time:
     D:2: 1400 daAuts
     D:1: 884 daAuts
     D:3: 64 daAuts
